 Dungeon Crawl Stone Soup version 0.14-a0-629-g748cab2 (webtiles) character file.

236 PolkaDot the Vexing (level 4, -3/30 HPs)
             Began as a Vampire Enchanter on Nov 5, 2013.
             Killed from afar by Grinder (4 damage)
             ... with a wand of magic darts
             ... while paralysed by Grinder
             ... on Level 3 of the Dungeon.
             The game lasted 00:08:57 (2105 turns).

PolkaDot the Vexing (Vampire Enchanter)             Turns: 2105, Time: 00:08:57

HP  -3/30        AC  3     Str  7      XL: 4   Next: 80%
MP   2/8         EV  2     Int 18      God:
Gold 113         SH  0     Dex 14      Spells:  2 memorised,  1 level left

Res.Fire  : . . .   See Invis. : +   a - +1 dagger
Res.Cold  : . . .   Warding    : .   b - +1 robe
Life Prot.: . . .   Conserve   : .   (no shield)
Res.Poison: .       Res.Corr.  : .   (no helmet)
Res.Elec. : .       Clarity    : .   (no cloak)
Sust.Abil.: . .     Spirit.Shd : .   (no gloves)
Res.Mut.  : .       Stasis     : .   (no boots)
Res.Rott. : .       Flight     : .   (no amulet)
Saprovore : . . .                    (no ring)
                                     (no ring)

@: paralysed, regenerating quickly, confused, very slightly contaminated,
hasted, slightly resistant to hostile enchantments, unstealthy
A: fangs 3, see invisible, unbreathing
a: no special abilities


You were on level 3 of the Dungeon.
You were very full.

You visited 1 branch of the dungeon, and saw 3 of its levels.

You collected 113 gold pieces.

Inventory:

Hand weapons
 a - a +1,+1 dagger (weapon)
Missiles
 d - 11 darts (quivered)
Armour
 b - a +1 robe (worn)
Scrolls
 f - 6 scrolls of remove curse {unknown}
 g - a scroll of enchant weapon II {unknown}
 h - 2 scrolls of fear {unknown}
 j - 4 scrolls of teleportation {unknown}
 k - 4 scrolls of fog {unknown}
 l - a scroll of curse armour {unknown}
 o - 2 scrolls of identify {unknown}
 r - a scroll of enchant weapon I {unknown}
 v - a scroll of enchant armour {unknown}
Jewellery
 u - an uncursed amulet of conservation {unknown}
 x - an uncursed ring of wizardry {unknown}
 y - an uncursed amulet of inaccuracy {unknown}
Potions
 n - a potion of brilliance {unknown}
 p - 3 potions of magic {unknown}
 q - 3 potions of heal wounds {unknown}
 s - a potion of slowing {unknown}
 t - a potion of paralysis {unknown}
 w - 2 potions of invisibility {unknown}
Books
 c - a book of Maledictions

   Spells                             Type                      Level
   *Corona                            Hexes                        1
   Sure Blade                         Hexes/Charms                 2
   Ensorcelled Hibernation            Hexes/Ice                    2
   *Confuse                           Hexes                        3
   Enslavement                        Hexes                        4
   Invisibility                       Hexes                        6


   Skills:
 - Level 4.2 Short Blades
 - Level 0.7 Throwing
 - Level 2.1 Dodging
 - Level 3.0 Stealth
 + Level 1.0 Spellcasting
 * Level 5.7 Hexes


You had one spell level left.
You knew the following spells:

 Your Spells              Type           Power        Failure   Level  Hunger
A - Corona                Hex            ###....      1%          1    ##.....
C - Confuse               Hex            ###.....     6%          3    ####...


Dungeon Overview and Level Annotations

Branches:
Dungeon (3/27)

Altars:

Annotations:
D:3 Grinder


Innate Abilities, Weirdness & Mutations

Your natural rate of healing is unusually fast.
You have razor-sharp teeth.*
You have supernaturally acute eyesight.
You can survive without breathing.*


Message History

Press: ? - help, Shift-Dir - straight line, f/p - Grinder
Aim: Grinder carrying a wand of magic darts {zapped: 2}
Okay, then.
Drink which item? (? for menu, Esc to quit)
You are confused.
It was a potion of confusion.
Grinder misses you.
Drink which item? (? for menu, Esc to quit)
You feel yourself speed up.
It was a potion of speed.
Grinder zaps a wand.
The magic dart hits you!
You are very lightly contaminated with residual magic.
Drink which item? (? for menu, Esc to quit)
It has a very clean taste.
It was a potion of cure mutation.
Grinder gestures at you.
You suddenly lose the ability to move!
Grinder hits you.
* * * LOW HITPOINT WARNING * * *
You writhe in agony.
* * * LOW HITPOINT WARNING * * *
Grinder zaps a wand.
The magic dart hits you!
You die...

#........# #5#.............
#........# #.#.............
#........# #.#.............
####.....<..# #.#.......(.....
#...........# #.#.............
#.##........# #.#.....[.......
#.##........# #.#......#######
#.##.......#####.##############
#.##..........@5...............
#.##........###################
#.....#####.# . #####.# #.# .
#.# #.# . #####.# #.# ..
#.....#####.# .. #.#.......#.#
.. #.#.#####.#.# ..


You could see Grinder.

Vanquished Creatures
  A scorpion (D:3)
  4 adders (D:2)
  A worm (D:2)
  An orc (D:3)
  A ball python (D:2)
  6 bats
  3 giant cockroaches
  A hobgoblin (D:1)
  5 jackals
  A quokka (D:2)
  2 giant newts
  8 goblins
  9 kobolds
  12 rats
55 creatures vanquished.

Notes
Turn   | Place    | Note
--------------------------------------------------------------
     0 | D:1      | PolkaDot, the Vampire Enchanter, began the quest for the Orb.
     0 | D:1      | Reached XP level 1. HP: 13/13 MP: 4/4
   152 | D:1      | Reached XP level 2. HP: 13/19 MP: 5/5
   728 | D:2      | Reached skill level 5 in Hexes
   728 | D:2      | Reached XP level 3. HP: 13/24 MP: 6/6
  1060 | D:2      | Learned a level 3 spell: Confuse
  1424 | D:2      | Reached XP level 4. HP: 8/30 MP: 4/8
  2073 | D:3      | Noticed Grinder
  2074 | D:3      | Paralysed by Grinder for 3 turns
  2103 | D:3      | Paralysed by Grinder for 3 turns
  2104 | D:3      | HP: 1/30 [Grinder (6)]
  2105 | D:3      | Killed from afar by Grinder

Action                   |  1- 3 |  4- 6 || total
-------------------------+-------+-------++-------
Melee: Dagger            |   174 |    90 ||   264
Throw: Dart              |     4 |       ||     4
 Cast: Corona            |     2 |     2 ||     4
       Confuse           |     2 |     4 ||     6
  Use: Potion            |     2 |     4 ||     6
       Scroll            |     1 |       ||     1
 Stab: Sleeping          |     4 |     2 ||     6
       Confused          |     2 |     2 ||     4
